 Dungeon Crawl Stone Soup version 0.31.0-11-ge490571c62 (webtiles) character file.

Game seed: 6378535512046123831

171 stipulation the Grave Robber (level 5, 0/25 HPs)
             Began as a Vine Stalker Necromancer on Jan 28, 2024.
             Slain by a hobgoblin
             ... wielding a +0 club
              (6 damage)
             ... on level 4 of the Dungeon.
             The game lasted 00:04:45 (3545 turns).

stipulation the Grave Robber (VSNe)                 Turns: 3545, Time: 00:04:45

Health: 0/25       AC:  5    Str: 10    XL:     5   Next: 51%
Magic:  0/11       EV: 12    Int: 21    God:
Gold:   168        SH:  0    Dex: 13    Spells: 3/11 levels left

rFire   . . .        m - +2 spear (venom)
rCold   + . .        (no shield)
rNeg    . . .        a - +0 robe
rPois   .            n - +2 helmet of Philately {Rampage rC+ Int+4 Dex-2}
rElec   .            (no cloak)
rCorr   .            (no gloves)
SInv    .            (no boots)
Will    .....        (no amulet)
Stlth   ++           (no ring)
HPRegen 1.04/turn    (no ring)
MPRegen 0.12/turn

%: guardian spirit, rampage
@: no status effects
A: fangs 2, regeneration 1, magic shield, antimagic bite, no potion heal 2
a: no special abilities


You were on level 4 of the Dungeon.
You visited 1 branch of the dungeon, and saw 4 of its levels.

You collected 168 gold pieces.

Inventory:

Hand Weapons
 d - a +0 hand axe
 m - a +2 spear of venom (weapon)
Armour
 a - a +0 robe (worn)
 n - the +2 helmet of Philately (worn) {Rampage rC+ Int+4 Dex-2}
   (You found it on level 3 of the Dungeon)

   Int+4:     It affects your intelligence (+4).
   Dex-2:     It affects your dexterity (-2).
   rC+:       It protects you from cold.
   Rampage:   It bestows one free step when moving towards enemies.
Jewellery
 o - an amulet of faith
 s - an amulet of magic regeneration
Scrolls
 c - 2 scrolls of revelation {unknown}
 e - 2 scrolls of amnesia {unknown}
 f - a scroll of poison
 g - a scroll of enchant armour {unknown}
 h - a scroll of acquirement {unknown}
 i - a scroll of identify {unknown}
 p - 2 scrolls of enchant weapon {unknown}
 r - a scroll of fog {unknown}
 t - a scroll of blinking {unknown}
 u - a scroll of fear {unknown}
Potions
 b - a potion of magic
 j - a potion of enlightenment {unknown}
 k - a potion of might {unknown}
 l - a potion of curing {unknown}
 q - a potion of heal wounds {unknown}


   Skills:
 + Level 1.2 Fighting
 + Level 1.2 Polearms
 - Level 1.5 Dodging
 - Level 2.4 Stealth
 + Level 3.9 Spellcasting
 + Level 5.1 Necromancy


You had 3 spell levels left.
You knew the following spells:

 Your Spells              Type           Power      Damage    Failure   Level
a - Necrotise             Necr           100%       1d9       1%          1
b - Vampiric Draining     Necr           25%        2d7       4%          3
c - Animate Dead          Necr           25%        N/A       14%         4

Your spell library contained the following spells:

 Spells                   Type           Power      Damage    Failure   Level
 Fugue of the Fallen      Necr           25%        N/A       4%          3
 Cigotuvi's Dreadful Rot  Necr/Alch/Air  22%        N/A       9%          2
 Hailstorm                Conj/Ice       4%         3d5       36%         3
 Ozocubu's Armour         Ice            4%         N/A       36%         3
 Summon Ice Beast         Ice/Summ       4%         N/A       36%         3
 Dispel Undead            Necr           25%        3d12      14%         4
 Martyr's Knell           Necr/Summ      14%        N/A       38%         4
 Curse of Agony           Necr           25%        N/A       38%         5
 Manifold Assault         Tloc           4%         N/A       77%         4
 Death Channel            Necr           12%        N/A       92%         6
 Sculpt Simulacrum        Ice/Alch       2%         N/A       100%        6


Dungeon Overview and Level Annotations

Branches:
Dungeon (4/15)
 Temple: D:4-7

Altars:
Ashenzari
Dithmenos
Uskayaw

Annotations:
D:3 1 runed translucent door, SuperJoe's ghost, amateur DgSh
D:4 Edmund


Innate Abilities, Weirdness & Mutations

You have extremely sharp teeth.
Your natural rate of healing is unusually fast.
When hurt, damage is shared between your health and your magic reserves.
Your bite disrupts and absorbs the magic of your enemies.
Potions cannot restore your health.


Message History

The sling bullet barely misses your goblin skeleton.
The sling bullet closely misses you.
The goblin hits your goblin skeleton with a +0 club.
A goblin comes into view. It is wielding a +0 club.
Your goblin skeleton hits the goblin. x2
Your goblin skeleton crumbles into dust!
The goblin shoots a sling bullet.
The sling bullet hits your goblin skeleton!
Your goblin skeleton is destroyed!
You hit the gnoll.
The gnoll is moderately wounded.
You rampage towards the gnoll!
You hit the gnoll but do no damage.
The gnoll is poisoned.
The goblin closely misses you. The gnoll misses you.
The hobgoblin hits you but does no damage.
The gnoll hits you with a +0 club. The goblin hits you with a +0 club.
The gnoll hits you but does no damage. The gnoll barely misses you.
The goblin hits you with a +0 club. The gnoll hits you but does no damage.
The gnoll closely misses you.
The hobgoblin hits you but does no damage.
The gnoll closely misses you. The hobgoblin misses you.
The goblin barely misses you. The goblin hits you with a +0 sling.
You completely miss the hobgoblin. The gnoll hits you but does no damage.
The hobgoblin closely misses you.
A hobgoblin comes into view. It is wielding a +0 club.
The gnoll hits you with a +0 club. The goblin misses you.
The hobgoblin hits you with a +0 club! The goblin hits you but does no damage.
You hit the hobgoblin.
The hobgoblin is almost dead.
The gnoll closely misses you.
The hobgoblin hits you but does no damage.
A hobgoblin comes into view. It is wielding a +0 club.
The gnoll hits you with a +0 club! The hobgoblin barely misses you.
The goblin closely misses you. x2
You hit the hobgoblin.
You kill the hobgoblin!
The gnoll hits you from afar with a +0 spear.
* * * LOW HITPOINT WARNING * * *
The hobgoblin hits you with a +0 club!
You die...

≈≈~≈≈≈≈≈~....~~≈~≈≈≈≈≈≈≈≈≈≈≈≈~≈≈≈
≈≈≈~≈≈≈~~)....≈≈≈≈≈≈≈≈≈≈≈≈≈≈≈≈~≈≈
##########''#####################
#....# #....# ' .
##....#########...
#......#.g.g......
+......')gg.......
#......#g@gg..g...
##....#########.g. #..).# ' ..
#)...# . ######


You could see 2 gnolls, 3 hobgoblins and 4 goblins.

Vanquished Creatures
  Jessica (D:3)
  An orc wizard (D:4)
  2 adders (D:2)
  A gnoll (D:4)
  A ribbon worm (D:4)
  A dart slug (D:3)
  3 orcs
  6 ball pythons
  7 bats
  7 endoplasms
  5 giant cockroaches
  9 goblins
  7 hobgoblins
  6 jackals
  7 kobolds
  5 quokkas
  5 rats
74 creatures vanquished.

Vanquished Creatures (collateral kills)
  A giant cockroach (D:2)
  2 frilled lizards
3 creatures vanquished.

Grand Total: 77 creatures vanquished

Notes
Turn   | Place    | Note
-------+----------+-------------------------------------------
     0 | D:1      | stipulation the Vine Stalker Necromancer began the quest
                  | for the Orb.
     0 | D:1      | Reached XP level 1. HP: 9/9 MP: 4/4
   181 | D:1      | Reached XP level 2. HP: 13/13 MP: 1/6
   686 | D:1      | Reached XP level 3. HP: 16/16 MP: 6/8
   947 | D:2      | Learned a level 3 spell: Vampiric Draining
  1151 | D:2      | Found a shadowy altar of Dithmenos.
  1487 | D:2      | Reached XP level 4. HP: 10/21 MP: 5/10
  1492 | D:2      | Learned a level 4 spell: Animate Dead
  1794 | D:3      | Identified the +2 helmet of Philately {Rampage rC+ Int+4
                  | Dex-2}
  1873 | D:3      | Found a runed translucent door.
  1876 | D:3      | Noticed SuperJoe's ghost (amateur DgSh)
  1879 | D:3      | Noticed a scorpion
  2030 | D:3      | Found a hide-covered altar of Uskayaw.
  2091 | D:3      | Identified the +5 dagger "Muvibb" {vamp, *Rage rElec rPois
                  | MP+9}
  2101 | D:3      | Found a broken altar of Ashenzari.
  2226 | D:3      | Noticed Jessica
  2230 | D:3      | Killed Jessica
  2777 | D:4      | Reached skill level 5 in Necromancy
  2782 | D:4      | Reached XP level 5. HP: 25/25 MP: 4/11
  3143 | D:4      | Noticed Edmund
  3314 | D:4      | Reached skill level 1 in Fighting
  3318 | D:4      | Reached skill level 1 in Polearms
  3545 | D:4      | Slain by a hobgoblin

Illustrated notes

Levels and vault maps discovered:
D:1:      mainiacjoe_arrival_oval_in_oval, layout_loops_ring
D:2:      layout_loops_ring, basic_altar, chequers_jeans
D:3:      layout_loops_ring, nicolae_ashenzari_skybound,
          nicolae_uskayaw_dance_hall, ebering_ghost_inner_flame, uniq_jessica
D:4:      minmay_goblin_kobold_castle, layout_cave_pools,
          sigmund_edmund_badplayer

Skill      XL: |  1  2  3  4  5 |
---------------+----------------+-----
Spellcasting   | 3 |  3.9
Necromancy     | 5 |  5.1
Fighting       | 1 |  1.2
Polearms       | 1 |  1.2
Dodging        | |  1.5
Stealth        | |  2.4

Action                     |  1- 3 |  4- 6 || total
---------------------------+-------+-------++-------
  Melee: Unarmed           |     1 |       ||     1
         Hand axe          |    18 |       ||    18
         Bite              |     4 |     7 ||    11
         Spear             |       |    36 ||    36
   Cast: Necrotise         |    53 |    38 ||    91
    Use: Scroll            |       |     1 ||     1
   Stab: Sleeping          |     2 |     2 ||     4
 Armour: Robe              |    12 |    41 ||    53
  Dodge: Dodged            |    22 |    42 ||    64
